AoeStats
← LuisVilli5943

Arabia

505820045Analyzed
1v1 RM · 20d ago on Sep 11, 2026· 30m 57s· 2 players
Game mode
Random Map
Map size
Tiny (2 player)
Population
200
Speed
Normal
Resources
Standard
Victory
Conquest
Starting age
Dark Age
Ending age
Imperial Age
RankedLock teamsTeams togetherTeam positionsShared explorationLock speedFull tech treeHidden civsTurbo modeCheats
Victory
Defeat
🇪🇸 Portuguese · Spain
1020
+18
🇲🇽 Muisca · Mexico
1055
-18
LuisVilli5943
9:15 Loom
11:09 Feudal Age
12:40 Double-Bit Axe
13:26 Fletching
14:01 Horse Collar
15:02 Padded Archer Armor
16:08 Town Watch
17:10 Wheelbarrow
22:13 Castle Age
21:23 Bloodlines
22:02 Forging
22:35 Crossbowman
24:39 Bodkin Arrow
24:46 Gold Mining
26:27 Iron Casting
27:52 Leather Archer Armor
29:14 Scale Barding Armor
Dr. Tonny
5:20 Loom
10:28 Feudal Age
13:18 Town Watch
16:29 Town Watch
22:07 Castle Age
20:28 Horse Collar
20:44 Double-Bit Axe
24:05 Wheelbarrow
25:30 Scale Mail Armor
25:41 Forging
24:54 Pikeman
Connection lost

Rejoining the realm…

Still unreachable

The connection could not be restored.

Session expired

The server has moved on; the page needs a fresh start.